 Dungeon Crawl Stone Soup version 0.21.1-1-g345015f (webtiles) character file.

142 Mgcat the Chopper (level 5, -2/48 HPs)
             Began as a Hill Orc Monk on Feb 19, 2018.
             Slain by Grinder (8 damage)
             ... while paralysed by Grinder
             ... on level 4 of the Dungeon.
             The game lasted 00:05:42 (2502 turns).

Mgcat the Chopper (Hill Orc Monk)                   Turns: 2502, Time: 00:05:43

Health: -2/48      AC:  6    Str: 14    XL:     5   Next: 24%
Magic:  5/5        EV:  2    Int: 10    God:
Gold:   204        SH:  0    Dex: 14    Spells: 4/4 levels left

rFire    . . .     SeeInvis .   m - +2 hand axe (elec)
rCold    . . .     Gourm    .   (no shield)
rNeg     . . .     Faith    .   o - +0 ring mail
rPois    .         Spirit   .   (no helmet)
rElec    .         Reflect  .   (no cloak)
rCorr    .         Harm     .   h - +0 pair of gloves
MR       .....                  (no boots)
Stlth    +.........             (no amulet)
HPRegen  0.16/turn              n - ring of flight {+Fly, !d}
MPRegen  0.09/turn              (no ring)

@: paralysed
A: no striking features
a: Evoke Flight


You were on level 4 of the Dungeon.
You were not hungry.

You visited 1 branch of the dungeon, and saw 4 of its levels.

You collected 204 gold pieces.

Inventory:

Hand Weapons
 k - a +0 war axe
   (You found it on level 2 of the Dungeon)
 m - a +2 hand axe of electrocution (weapon)
   (You found it on level 2 of the Dungeon)
Missiles
 s - 9 tomahawks (quivered)
Armour
 h - a +0 pair of gloves (worn)
   (You found it on level 1 of the Dungeon)
 o - a +0 ring mail (worn)
   (You found it on level 2 of the Dungeon)
Jewellery
 n - a ring of flight (left hand) {+Fly, !d}
   (You found it on level 2 of the Dungeon)
 t - an uncursed ring of ice {rC+, rF-}
   (You found it on level 3 of the Dungeon)
Wands
 p - a wand of paralysis (4)
   (You found it on level 2 of the Dungeon)
Scrolls
 a - a scroll of fog {unknown}
 b - a scroll of fear {unknown}
 f - 6 scrolls of identify {unknown}
 g - 2 scrolls of remove curse {unknown}
 l - 2 scrolls of blinking {unknown}
Potions
 e - 4 potions of heal wounds
 i - a potion of curing {unknown}
 j - a potion of flight {unknown}
 q - a potion of invisibility {unknown}
 r - a potion of ambrosia {unknown}
 u - a potion of might {unknown}
Comestibles
 c - a ration
 d - 5 chunks of flesh {@w0}


   Skills:
 + Level 5.5 Fighting
 + Level 6.1 Axes
 - Level 2.4 Dodging
 - Level 1.5 Stealth


You had 4 spell levels left.
You didn't know any spells.

Dungeon Overview and Level Annotations

Branches:
Dungeon (4/15)
 Temple: D:4-7

Altars:
Cheibriados
Fedhas
Hepliaklqana
Makhleb
Vehumet
Yredelemnul

Annotations:
D:4 Grinder


Message History

No target in view!
Eating one of 3 chunks of flesh {@w0}.
You eat one of the 3 chunks of flesh {@w0}.
This raw flesh tastes terrible.
You now have 159 gold pieces (gained 14).
Some of the chunks of flesh in your inventory have rotted away.
Items here: )) [[[ a leather armour; a dagger of holy wrath; a robe; a war axe; a chain mail All of the chunks of flesh in your inventory have rotted away.
Done exploring.
Take off which item? (? for menu, Esc to quit)
Okay, then.
Remove which piece of jewellery? (? for menu, Esc to quit)
You remove your ring of ice {rC+, rF-}.
Done exploring.
Done exploring.
Done exploring.
Done exploring.
Done exploring.
Done exploring.
(D) Dungeon
Where to? (Enter - D:3, ? - help)
What level of the Dungeon? (default 1, ? - help)
There is a stone staircase leading down here.
You climb downwards.
A leopard gecko and an orc come into view.
Found a ring mail and 45 gold pieces.
Found an escape hatch in the ceiling.
There is a stone staircase leading up here.
The leopard gecko hisses angrily.
You closely miss the leopard gecko.
The leopard gecko bites you but does no damage.
You hit the leopard gecko.
The leopard gecko is almost dead.
The leopard gecko barely misses you.
You hit the leopard gecko.
You kill the leopard gecko!
You hit the orc.
The orc is moderately wounded.
The orc hits you with a hand axe.
You hit the orc but do no damage.
The orc is moderately wounded.
The orc hits you but does no damage.
You hit the orc but do no damage. Lightning courses through the orc!
You kill the orc!
No target in view!
No target in view!
No target in view!
An adder comes into view.
Items here: ) [ †† a hand axe; a ring mail; an orc corpse; a leopard gecko corpse An adder is nearby!
The adder closely misses you.
You hit the adder. Lightning courses through the adder!
You kill the adder!
No target in view!
No target in view!
No target in view!
You now have 177 gold pieces (gained 18).
You butcher the adder corpse.
d - 2 chunks of flesh {@w0} You now have 179 gold pieces (gained 2).
You now have 193 gold pieces (gained 14).
You butcher the orc corpse.
d - 4 chunks of flesh {@w0} (gained 2)
You butcher the leopard gecko corpse.
d - 5 chunks of flesh {@w0} (gained 1)
Things that are here:
a hand axe; a ring mail; a leopard gecko skeleton
Things that are here:
a hand axe; a ring mail; a leopard gecko skeleton
f - 6 scrolls labeled DEOPTOXADD (gained 1)
Things that are here:
a hand axe; a ring mail; a leopard gecko skeleton HP restored.
You now have 204 gold pieces (gained 11).
u - a grey potion You open the door.
There is an open door here.
An ogre comes into view. It is wielding a giant club.
The ogre moves out of view.
No target in view!
No target in view!
No target in view!
The ogre shouts!
The ogre is too close now for your liking.
The ogre barely misses you.
You barely miss the ogre.
Grinder comes into view.
You barely miss the ogre. The ogre hits you with a giant club!
You barely miss the ogre. The ogre hits you with a giant club.
You are too injured to fight recklessly!
You are too injured to fight recklessly!
You closely miss the ogre.
Grinder shouts!
Grinder gestures at you.
You suddenly lose the ability to move!
The ogre hits you with a giant club! The ogre hits you with a giant club!
* * * LOW HITPOINT WARNING * * *
The ogre hits you but does no damage. Grinder hits you!
You die...

....# ....#.. ..# .#
....#...... .#
.#.###.##.# '#
.#.###.##.########.#####
.............#..........
..^..........#..........
.............#...5......
.............+..@O......
.#.##..##..###..##..####
.#.##..##'####..## ##
.......#.........#
.......#.........#
.......#.........#
.......#.........#
.#...#####..#...##
###### ########


You could see Grinder and an ogre.

Vanquished Creatures
  An orc wizard (D:3)
  2 adders
  3 oozes
  2 worms
  A dart slug (D:1)
  3 leopard geckos
  6 orcs
  3 giant cockroaches
  2 gnoll zombies (D:2)
  12 goblins
  6 hobgoblins
  3 jackals (D:3)
  A quokka (D:2)
  A ball python (D:2)
  6 bats
  5 frilled lizards
  4 kobolds
  6 rats
67 creatures vanquished.

Notes
Turn   | Place    | Note
-------+----------+-------------------------------------------
     0 | D:1      | Mgcat the Hill Orc Monk began the quest for the Orb.
     0 | D:1      | Reached XP level 1. HP: 19/19 MP: 1/1
   235 | D:1      | Reached XP level 2. HP: 27/27 MP: 2/2
   247 | D:1      | Reached skill level 4 in Fighting
   721 | D:2      | Reached XP level 3. HP: 34/34 MP: 3/3
  1090 | D:2      | Reached skill level 5 in Axes
  1320 | D:2      | Found a basalt altar of Yredelemnul.
  1357 | D:2      | Found a snail-covered altar of Cheibriados.
  1366 | D:2      | Found a burning altar of Makhleb.
  1546 | D:2      | Found a hazy altar of Hepliaklqana.
  1629 | D:3      | Reached XP level 4. HP: 38/41 MP: 4/4
  1659 | D:3      | Found a blossoming altar of Fedhas.
  1738 | D:3      | Found a radiant altar of Vehumet.
  1913 | D:3      | Reached skill level 5 in Fighting
  2047 | D:3      | Reached skill level 6 in Axes
  2047 | D:3      | Reached XP level 5. HP: 40/48 MP: 5/5
  2492 | D:4      | Noticed an ogre
  2497 | D:4      | Noticed Grinder
  2499 | D:4      | Paralysed by Grinder for 4 turns
  2501 | D:4      | HP: 6/48 [ogre/giant club (16)]
  2502 | D:4      | Slain by Grinder

Skill      XL: |  1  2  3  4 |
---------------+-------------+-----
Fighting       | 4 5 |  5.5
Axes           | 5 6 |  6.1
Dodging        | |  2.4
Stealth        | |  1.5

Action                   |  1- 3 |  4- 6 || total
-------------------------+-------+-------++-------
Melee: Hand axe          |    99 |    83 ||   182
       War axe           |    13 |       ||    13
  Use: Potion            |       |     1 ||     1
 Stab: Sleeping          |     3 |       ||     3
  Eat: Chunk             |     2 |     3 ||     5
Armor: Robe              |    12 |       ||    12
       Ring mail         |     9 |    17 ||    26
Dodge: Dodged            |    72 |    42 ||   114

Vault maps used:
D:1:      co_arrival_random_square_maze, serial_glass, glass_columns_a,
          glass_columns_c, glass_columns_c, glass_columns_a, glass_columns_c,
          item_on_display_a, feat_on_display, due_unseen_surprise,
          feat_on_display, grunt_decor_cap, minmay_misc_feat_plants,
          serial_bayou_pond_a, corexii_leaking_fountain
D:2:      cheibrodos_old_hovel, lemuel_coloured_pillars_altar, minitemple,
          lemuel_zombie_altar_yredelemnul
D:3:      marbit_many_paths, lemuel_crystal_altar, serial_forest,
          infiniplex_forest_lined_4_way, infiniplex_forest_clump_diagonal,
          infiniplex_forest_straight_3, infiniplex_forest_lined_room_2,
          infiniplex_forest_lined_3_way
D:4:      nicolae_gozag_seed_capital, st_stairs_14, uniq_grinder

Table legend:
 A = Turns spent in this place as a percentage of turns spent in the entire game.
 B = Non-inter-level travel turns spent in this place as a percentage of non-inter-level travel turns spent in the entire game.
 C = Inter-level travel turns spent in this place as a percentage of turns spent in this place.
 D = Turns resting spent in this place as a percentage of non-inter-level travel turns spent in this place.
 E = Turns spent auto-exploring this place as a percentage of non-inter-level travel turns spent in this place.
 F = Non-inter-level travel turns spent in this place divided by the number of levels of this place that you've seen.
                   A       B       C       D       E      F
               +-------+-------+-------+-------+-------+----------------------
         Total | 100.0 | 100.0 |   2.9 |   3.8 |  76.8 | 607.2
       Dungeon | 100.0 | 100.0 |   2.9 |   3.8 |  76.8 | 607.2
               +-------+-------+-------+-------+-------+----------------------

Table legend:
 A = Kills in this place as a percentage of kills in entire the game.
 B = Kills by you in this place as a percentage of kills by you in the entire game.
 C = Kills by friends in this place as a percentage of kills by friends in the entire game.
 D = Other kills in this place as a percentage of other kills in the entire game.
 E = Experience gained in this place as a percentage of experience gained in the entire game.
 F = Experience gained in this place divided by the number of levels of this place that you have seen.
                   A       B       C       D       E      F
               +-------+-------+-------+-------+-------+----------------------
         Total | 100.0 | 100.0 |   N/A |   N/A | 100.0 |  50.8
       Dungeon | 100.0 | 100.0 |   N/A |   N/A | 100.0 |  50.8
               +-------+-------+-------+-------+-------+----------------------
